 Dungeon Crawl Stone Soup version 0.27.1-33-g824d729ab1 (console) character file.

Game seed: 771575004572581021

301 toffzen the Skirmisher (level 6, -1/53 HPs)
             Began as a Minotaur Brigand on Nov 29, 2021.
             Succumbed to a hornet's poison
             ... on level 5 of the Dungeon.
             The game lasted 00:07:57 (4076 turns).

toffzen the Skirmisher (Minotaur Brigand)           Turns: 4076, Time: 00:07:58

Health: -1/53      AC:  8    Str: 17    XL:     6   Next: 14%
Magic:  5/5        EV: 11    Int:  8    God:
Gold:   209        SH:  0    Dex: 12    Spells: 5/5 levels left

rFire    . . .     SeeInvis .   a - +0 hand axe
rCold    . . .     Faith    .   (no shield)
rNeg     . . .     Spirit   .   f - +0 ring mail
rPois    .         Reflect  .   (helmet restricted)
rElec    .         Harm     .   c - +0 cloak
rCorr    .         Rampage  .   h - +0 pair of gloves
Will     .....                  (no boots)
Stlth    ++........             (no amulet)
HPRegen  0.17/turn              (no ring)
MPRegen  0.09/turn              (no ring)

@: mighty, lethally poisoned (-1 -> -15), flying, slowed, very slow
A: horns 2, retaliatory headbutt
a: no special abilities


You were on level 5 of the Dungeon.
You visited 2 branches of the dungeon, and saw 6 of its levels.

You collected 209 gold pieces.

Inventory:

Hand Weapons
 a - a +0 hand axe (weapon)
 l - a +2 dagger
Missiles
 d - 7 poisoned darts (quivered)
 e - 2 curare-tipped darts
Armour
 c - a +0 cloak (worn)
 f - a +0 ring mail (worn)
 h - a +0 pair of gloves (worn)
Wands
 i - a wand of charming (7)
 n - a wand of iceblast (14)
Scrolls
 b - a scroll of magic mapping
 g - a scroll of blinking
 j - 2 scrolls of teleportation
 k - a scroll of immolation {unknown}
 m - a scroll of vulnerability {unknown}
 r - a scroll of enchant armour {unknown}
Potions
 p - a potion of might
 q - a potion of attraction
 t - a potion of degeneration {unknown}


   Skills:
 + Level 4.3 Fighting
 - Level 2.1 Short Blades
 * Level 3.7 Axes
 - Level 2.0 Throwing
 + Level 3.3 Armour
 + Level 3.3 Dodging
 - Level 3.2 Stealth


You had 5 spell levels left.
You didn't know any spells.
Your spell library was empty.

Dungeon Overview and Level Annotations

Branches:
Dungeon (5/15)             Temple (1/1) D:5

Altars:
Ashenzari
Elyvilon
Fedhas
Gozag
Hepliaklqana
Kikubaaqudgha
Nemelex Xobeh
Qazlal
Sif Muna
Uskayaw
Vehumet
Wu Jian
The Shining One

Shops:
D:2 *   D:3 (

Annotations:
D:4 exclusion: downstairs
D:5 Edmund


Innate Abilities, Weirdness & Mutations

You have a pair of horns on your head.
You reflexively headbutt those who attack you in melee.


Message History

You feel very sick.
An adder comes into view.
Edmund hits you with a +1 dire flail of venom!
The adder hisses angrily.
You hit Edmund.
Edmund is almost dead.
You feel very sick.
Edmund hits you with a +1 dire flail of venom!
You are more poisoned.
You feel better. Edmund closely misses you. The hornet stings you!
You are poisoned.
You suddenly lose the ability to move!
You feel very sick. The hornet stings you!
You are lethally poisoned!
You shrug off the repeated paralysis!
You can move again.
Unknown command.
Unknown command.
Unknown command.
Unknown command.
You feel better. The hornet stings you.
You feel yourself slow down. The hornet barely misses you.
You feel very mighty all of a sudden.
You feel yourself speed up.
The hornet stings you but does no damage.
The hornet stings you.
You feel yourself slow down.
You slash the hornet! Your headbutt misses the hornet.
The hornet is moderately wounded.
The hornet stings you!
* * * LOW HITPOINT WARNING * * *
You are lethally poisoned!
You feel as though you will be slow longer.
The hornet stings you!
* * * LOW HITPOINT WARNING * * *
You feel as though you will be slow longer.
It was a potion of flight.
You feel very buoyant.
You fly up into the air.
You die...

.# .. #####
#. #...# ..
#.#.#
###.###.#.#
#...@y@.#.#
#.##S####.#
#.#<##.#
#.#.##.#
#.#....#
#.#..###
#.#..#
#.####


You could see Edmund, a hornet and an adder.

Vanquished Creatures
  An orc priest (D:4)
  A centaur skeleton (D:4)
  3 orc wizards
  Ijyb (D:3)
  4 gnolls
  2 adders (D:2)
  An adder skeleton (D:4)
  2 dart slugs
  8 orcs
  6 ball pythons
  3 bats
  7 endoplasms
  5 giant cockroaches
  9 goblins
  4 hobgoblins
  5 quokkas
  3 frilled lizards
  A kobold (D:1)
  A quokka skeleton (D:4)
  5 rats
72 creatures vanquished.

Notes
Turn   | Place    | Note
-------+----------+-------------------------------------------
     0 | D:1      | toffzen the Minotaur Brigand began the quest for the Orb.
     0 | D:1      | Reached XP level 1. HP: 18/18 MP: 0/0
    87 | D:1      | Found a faded altar of an unknown god.
    93 | D:1      | Reached skill level 1 in Armour
    93 | D:1      | Reached XP level 2. HP: 20/25 MP: 1/1
   487 | D:1      | Reached skill level 3 in Fighting
   661 | D:2      | Reached XP level 3. HP: 22/31 MP: 2/2
   785 | D:2      | Found Peewenub's General Store.
  1076 | D:2      | Found a radiant altar of Vehumet.
  1937 | D:3      | Reached skill level 1 in Axes
  1992 | D:3      | Found Furghibal's Weapon Shop.
  2028 | D:3      | Noticed Ijyb
  2046 | D:3      | Killed Ijyb
  2047 | D:3      | Reached XP level 4. HP: 20/38 MP: 3/3
  2828 | D:3      | Reached XP level 5. HP: 46/46 MP: 4/4
  3185 | D:5      | Entered Level 5 of the Dungeon
  3355 | D:4      | Reached skill level 4 in Fighting
  3640 | D:5      | Found a staircase to the Ecumenical Temple.
  3654 | D:5      | Reached XP level 6. HP: 49/52 MP: 5/5
  3664 | Temple   | Entered the Ecumenical Temple
  3931 | D:5      | Noticed a two-headed ogre
  4063 | D:5      | Noticed Edmund
  4065 | D:5      | Noticed a hornet
  4071 | D:5      | Paralysed by a hornet for 2 turns
  4076 | D:5      | Succumbed to a hornet's poison

Illustrated notes

Levels and vault maps discovered:
D:1:      lightli_arrival_noodles, layout_basic,
          hellmonk_ecumenical_altar_arch_garden
D:2:      layout_basic, basic_altar, serial_shops, nicolae_shop_statue_plus,
          minmay_quantized
D:3:      layout_loops_ring, serial_shops, shop_coins, uniq_ijyb
D:4:      layout_rooms
D:5:      layout_basic, minmay_temple_entry_fiery, uniq_edmund
Temple:   nicolae_temple_figure_eight

Skill      XL: |  1  2  3  4  5 |
---------------+----------------+-----
Armour         | 1 2 3 |  3.3
Fighting       | 3 4 |  4.3
Dodging        | 2 3 |  3.3
Axes           | 1 2 3 |  3.7
Short Blades   | |  2.1
Throwing       | |  2.0
Stealth        | |  3.2

Action                   |  1- 3 |  4- 6 || total
-------------------------+-------+-------++-------
Melee: Dagger            |    53 |       ||    53
       Headbutt          |     7 |    15 ||    22
       Hand axe          |    33 |   107 ||   140
Throw: Dart              |     8 |       ||     8
Evoke: Wand              |       |     5 ||     5
  Use: Scroll            |     3 |     2 ||     5
       Potion            |     1 |     4 ||     5
 Stab: Sleeping          |     4 |     3 ||     7
Armor: Ring mail         |    34 |    35 ||    69
Dodge: Dodged            |    41 |    55 ||    96
